 Dungeon Crawl Stone Soup version 0.23-a0-483-g32a748b514 (webtiles) character file.

10474 Octopork the Spear-Bearer (level 11, 0/72 HPs)
             Began as an Octopode Fighter on Nov 30, 2018.
             Was a Priest of Hepliaklqana.
             Killed from afar by Josephine (33 damage)
             ... with a ghostly fireball
             ... on level 10 of the Dungeon.
             The game lasted 00:43:24 (11966 turns).

Octopork the Spear-Bearer (Octopode Fighter)       Turns: 11966, Time: 00:43:24

Health: 0/72       AC:  1    Str: 16    XL:     11   Next: 62%
Magic:  11/11      EV: 16    Int: 12    God:    Hepliaklqana [***...]
Gold:   469        SH: 12    Dex: 17    Spells: 10/10 levels left

rFire    . . .     SeeInvis .   a - +2 spear (flame)
rCold    . . .     Gourm    +   B - +1 shield
rNeg     . . .     Faith    .   (helmet restricted)
rPois    .         Spirit   .   u - amulet of the gourmand {Gourm}
rElec    .         Reflect  .   J - +2 ring of dexterity
rCorr    .         Harm     .   k - +2 ring of dexterity
MR       .....                  (no ring)
Stlth    +++.......             (no ring)
HPRegen  0.22/turn              (no ring)
MPRegen  0.12/turn              (no ring)
                                (no ring)
                                (no ring)

@: slowed, heavily drained, very slow
A: almost no armour, stealthy swim, amphibious, 8 rings, constrict 8, reduced
essence, camouflage 1, gelatinous body 1
a: Recall Ancestor, Ancestor Identity, Transference, Renounce Religion


You were on level 10 of the Dungeon.
You worshipped Hepliaklqana.
Hepliaklqana was most pleased with you.
You were completely stuffed.

You visited 2 branches of the dungeon, and saw 11 of its levels.

You collected 605 gold pieces.
You spent 136 gold pieces at shops.

Inventory:

Hand Weapons
 a - a +2 spear of flaming (weapon)
   (You took it off a gnoll sergeant on level 7 of the Dungeon)
 b - the +5 short sword of Neurosis {drain, rElec MR++}
   (You found it on level 5 of the Dungeon)

   A truly terrible weapon, it drains the life of those it strikes.
   It insulates you from electricity.
   It affects your resistance to hostile enchantments.
 w - a +0 hunting sling
   (You found it on level 4 of the Dungeon)
 G - a +0 trident
Missiles
 e - 218 stones {@Q2}
 j - 47 sling bullets {@Q1}
 p - 42 poisoned needles
 r - 11 curare-tipped needles
 y - 8 throwing nets (quivered) {=f}
Armour
 B - a +1 shield (worn)
Magical Staves
 v - an uncursed staff of fire {rF+}
   (You took it off Ijyb on level 5 of the Dungeon)
Jewellery
 k - a +2 ring of dexterity (right tentacle)
   (You found it on level 1 of the Dungeon)
 u - an amulet of the gourmand (around mantle) {Gourm}
   (You found it on level 3 of the Dungeon)
 F - an uncursed amulet of magic regeneration {+MPregen}
   (You found it on level 5 of the Dungeon)
 J - a +2 ring of dexterity (left tentacle)
   (You found it on level 8 of the Dungeon)
Wands
 A - a wand of acid (6)
   (You found it on level 5 of the Dungeon)
 D - a wand of enslavement (1)
   (You took it off Ijyb on level 5 of the Dungeon)
 E - a wand of iceblast (14)
   (You found it on level 9 of the Dungeon)
 H - a wand of paralysis (12)
   (You found it on level 7 of the Dungeon)
Scrolls
 o - 3 scrolls of remove curse
 t - 3 scrolls of teleportation
 L - a scroll of fear
Potions
 c - 3 potions of curing
 d - a potion of resistance {unknown}
 g - 2 potions of brilliance
 h - a potion of heal wounds
 l - a potion of flight {unknown}
 m - 3 potions of magic
 n - a potion of invisibility
 q - a potion of might
 s - 2 potions of ambrosia
 x - 2 potions of agility
 C - a potion of haste {unknown}
 K - a potion of lignification {unknown}
Comestibles
 f - 23 rations


   Skills:
 + Level 9.5(8.1) Fighting
 - Level 5.0(3.7) Short Blades
 + Level 10.3(8.9) Polearms
 + Level 7.7(6.3) Dodging
 + Level 9.5(8.1) Shields


You had 10 spell levels left.
You didn't know any spells.
Your spell library contained the following spells:

 Spells                   Type           Power        Failure   Level  Hunger
 Beastly Appendage        Tmut           #.....       63%         1    ##.....
 Sticks to Snakes         Tmut           #.......     77%         2    ###....
 Spider Form              Tmut/Pois      #.........   94%         3    ####...
 Ice Form                 Ice/Tmut       #.......     100%        4    #####..
 Blade Hands              Tmut           #.........   100%        5    ######.


Dungeon Overview and Level Annotations

Branches:
Dungeon (10/15)            Temple (1/1) D:6
   Lair: D:8-11         Orc: D:9-12

Altars:
Ashenzari
Cheibriados
Dithmenos
Elyvilon
Fedhas
Gozag
Hepliaklqana
Kikubaaqudgha
Makhleb
Nemelex Xobeh
Okawaru
Qazlal
Ru
Sif Muna
Trog
Uskayaw
Vehumet
Wu Jian
Xom
Yredelemnul
Zin
The Shining One

Shops:
D:5 !   D:9 ?=

Annotations:
D:3 exclusion: Sigmund, Sigmund
D:4 3 runed doors, exclusion: ogre, Scypier's ghost, amateur DrTm
D:5 !
D:7 Harold
D:9 exclusion: statue
D:10 exclusion: Josephine, Josephine


Innate Abilities, Weirdness & Mutations

You cannot wear most types of armour.
You are very stealthy in the water. (Stealth+)
You are amphibious.
You can wear up to eight rings at the same time.
You can use your tentacles to constrict eight enemies at once.
Your skin changes colour to match your surroundings (Stealth+).
Your rubbery body absorbs attacks. (AC +1, EV +1)
Your life essence is reduced to manifest your ancestor. (-10% HP)


Message History

Adjust to which letter? (? for menu, Esc to quit)
w - a +0 hunting sling;
g - 2 potions of brilliance All of the chunks of flesh in your inventory have rotted away.
You now have 469 gold pieces (gained 13).
A worker ant comes into view.
A jelly and a wraith come into view.
Marking area around Josephine as unsafe for travelling.
Josephine the Decaying Necromancer comes into view.
She is wielding a +0 dagger You swap places.
The worker ant bites Octorock but does no damage.
Octorock barely misses the worker ant.
The worker ant bites Octorock!
Octorock barely misses the worker ant.
The worker ant bites Octorock but does no damage.
The worker ant closely misses Octorock.
Octorock casts a spell at the worker ant.
The worker ant appears confused.
You hear a shout!
Your +2 spear of flaming bursts into flame!
a - a +2 spear of flaming (weapon)
The wraith hits you. The wraith drains your vigour!
You feel yourself slow down.
You hit the wraith but do no damage. You squeeze the wraith.
You block the wraith's attack.
The worker ant bites Octorock.
Octorock hits the worker ant with a +0 dagger of draining.
You block the wraith's attack.
The worker ant bites Octorock!
Octorock hits the worker ant with a +0 dagger of draining.
Octorock drains the worker ant!
The worker ant closely misses Octorock.
The wraith hits you. The wraith drains your vigour!
You feel as though you will be slow longer.
Octorock hits the worker ant with a +0 dagger of draining!
Octorock drains the worker ant!
The worker ant dies!
You completely miss the wraith. You squeeze the wraith.
You block the wraith's attack.
Press: ? - help, v - describe, . - travel
Here: Josephine, wielding a +0 dagger and wearing a +2 robe of magic resistance The floor.
Unknown command.
Octorock hits the wraith but does no damage.
Octorock hits the jelly with a +0 dagger of draining.
Octorock is burned by acid!
Press: ? - help, v - describe, . - travel
Here: Josephine, wielding a +0 dagger and wearing a +2 robe of magic resistance The floor.
Unknown command.
Evoke which item? (* to show all) (? for menu, Esc to quit)
Aiming: Paralyse
Press: ? - help, Shift-Dir - straight line, f - Josephine
Aim: Josephine, wielding a +0 dagger and wearing a +2 robe of magic resistance
Okay, then.
Unknown command.
Evoke which item? (* to show all) (? for menu, Esc to quit)
Okay, then.
Press: ? - help, v - describe, . - travel
Here: Josephine, wielding a +0 dagger and wearing a +2 robe of magic resistance The floor.
Evoke which item? (* to show all) (? for menu, Esc to quit)
Aiming: Iceblast
Press: ? - help, Shift-Dir - straight line The mass of ice explodes!
The iceblast engulfs Josephine.
The iceblast engulfs the wraith.
The wraith partially resists.
The iceblast engulfs the jelly.
Josephine points at you and mumbles some strange words.
The ghostly flame explodes!
The ghostly fireball engulfs you!
You feel drained.
Ouch! That really hurt!
The jelly jiggles.
Octorock hits the jelly with a +0 dagger of draining.
Octorock is burned by acid!
Evoke which item? (* to show all) (? for menu, Esc to quit)
Aiming: Corrosive Bolt
Press: ? - help, Shift-Dir - straight line, f - jelly
Aim: a jelly (almost dead)
The bolt of acid misses Josephine.
The bolt of acid hits the wraith.
The wraith is splashed with acid.
The acid corrodes the wraith!
The bolt of acid hits the jelly.
The jelly completely resists.
You block Josephine's attack.
You feel much better.
Josephine grins malevolently.
Josephine hits you with a +0 dagger!
Octorock hits the wraith with a +0 dagger of draining!
The wraith is destroyed!
You block Josephine's attack.
Octorock hits the jelly with a +0 dagger of draining.
The jelly dies!
You closely miss Josephine. Your grab misses Josephine.
Your squeeze misses Josephine. You block Josephine's attack.
You hit Josephine but do no damage. You grab Josephine.
You squeeze Josephine, but do no damage.
You constrict Josephine. Josephine hits you with a +0 dagger!
Octorock hits Josephine with a +0 dagger of draining!
You hit Josephine. You burn Josephine. You squeeze Josephine.
You constrict Josephine! Josephine completely misses you.
Octorock hits Josephine with a +0 dagger of draining.
You strike the helpless Josephine from behind!
You puncture Josephine! You burn Josephine. You squeeze Josephine!
You constrict Josephine. Josephine casts a spell at you.
The ghostly flame explodes!
The ghostly fireball engulfs you!
You feel drained.
You die...

#.##.##.#.#### #.# #
#.......#.#####.# #=# ##.#
####.####.......# #R# ...
#####.# #...######
#.##.##.# .<....# #...#
#.......# ####<.# #...#
#....J...
#..###...########.#..###.
..##............##...#...%.
................@@R###
#....
.#.#.....(.<....##...# ....
......#.#....#######.# #..
#####.#.#....# ... ..
#...#....# .... #.#.#....#
##.## ..#......# .#
.#.....#.## # ##...#....#
########


You could see the friendly Octorock the hexer and Josephine.

Vanquished Creatures
  2 trolls
  A hornet (D:7)
  Prince Ribbit (D:5)
  3 hippogriffs
  2 wraiths (D:10)
  3 sky beasts
  An ice beast (D:4)
  An orc warrior (D:8)
  A phantom (D:6)
  An ogre (D:8)
  A necrophage (D:9)
  4 centaurs
  A big kobold (D:10)
  5 bullfrogs
  2 gnoll sergeants (D:7)
  6 scorpions
  3 killer bees (D:10)
  3 crimson imps
  2 bullfrog zombies
  8 hounds
  6 orc priests
  4 gnoll shamans (D:7)
  A bullfrog skeleton (D:7)
  An iguana (D:4)
  2 orc wizards
  3 worker ants
  A hound skeleton (D:6)
  A howler monkey zombie (D:9)
  7 adders
  17 gnolls
  A worm (D:4)
  2 dart slugs (D:2)
  7 leopard geckos
  24 orcs
  A ball python (D:2)
  5 giant cockroaches
  8 goblins
  5 hobgoblins
  14 jackals
  9 kobolds
  2 quokkas
  5 bats
  3 frilled lizards
  A leopard gecko zombie (D:6)
  5 rats
186 creatures vanquished.

Vanquished Creatures (collateral kills)
  A wraith (D:10)
  A spriggan (D:9)
  An ice beast (D:8)
  2 sky beasts
  2 ogres (D:8)
  A bullfrog (D:9)
  A gnoll sergeant (D:7)
  A scorpion (D:8)
  A killer bee (D:10)
  A hound (D:7)
  2 jellies
  2 iguanas (D:9)
  Ijyb (D:5)
  3 worker ants
  An adder (D:9)
  5 gnolls (D:7)
  3 orcs
  2 jackals (D:7)
31 creatures vanquished.

Vanquished Creatures (others)
  2 hexers
  7 ancestors
9 creatures vanquished.

Grand Total: 226 creatures vanquished

Notes
Turn   | Place    | Note
-------+----------+-------------------------------------------
     0 | D:1      | Octopork the Octopode Fighter began the quest for the Orb.
     0 | D:1      | Reached XP level 1. HP: 16/16 MP: 1/1
   474 | D:1      | Reached XP level 2. HP: 21/21 MP: 2/2
   979 | D:2      | Reached XP level 3. HP: 24/26 MP: 3/3
  1095 | D:2      | Found a shadowy altar of Dithmenos.
  1156 | D:2      | Reached skill level 3 in Polearms
  1332 | D:2      | Reached XP level 4. HP: 31/31 MP: 4/4
  1955 | D:3      | Found a sparkling altar of Nemelex Xobeh.
  2046 | D:3      | Noticed Sigmund
  2720 | D:4      | Noticed an ogre
  2826 | D:4      | Noticed an ogre
  2833 | D:4      | Octopork: ??giant club
  2833 | D:4      | beem: giant club[1/2]: (maces & flails; -6 acc / 20 dam /
                  | 1.6 base delay / 0.7 min delay; two handed). A giant lump
                  | of wood. The only playable races that can wield giant clubs
                  | are Ogres and Trolls.
  3040 | D:4      | Reached XP level 5. HP: 29/37 MP: 5/5
  3113 | D:4      | Found a runed gate.
  3113 | D:4      | Found a runed gate.
  3113 | D:4      | Found a runed gate.
  3131 | D:4      | Noticed Scypier's ghost (amateur DrTm)
  3136 | D:4      | Noticed a centaur
  3259 | D:4      | Reached skill level 4 in Polearms
  3395 | D:4      | HP: 8/37 [centaur/+0 whip (12)]
  3397 | D:4      | Killed a centaur
  3397 | D:4      | Reached skill level 4 in Fighting
  3397 | D:4      | Reached skill level 4 in Shields
  3397 | D:4      | Reached XP level 6. HP: 9/43 MP: 6/6
  3660 | D:4      | Found a sacrificial altar of Ru.
  3777 | D:5      | Entered Level 5 of the Dungeon
  3790 | D:5      | Noticed Ijyb
  3790 | D:5      | Noticed an ice beast
  3790 | D:5      | Noticed an ice beast
  3902 | D:5      | Found Orylekhla's Distillery.
  3938 | D:5      | HP: 7/43 [orc priest/nerve-wracking pain (12)]
  3944 | D:5      | Reached skill level 5 in Polearms
  3948 | D:5      | HP: 11/44 [something/puff of flame (9)]
  3950 | D:5      | HP: 5/44 [something (3)]
  4092 | D:5      | Reached XP level 7. HP: 36/49 MP: 7/7
  4265 | D:5      | Got a crude short sword
  4367 | D:5      | Noticed Prince Ribbit
  4613 | D:6      | Reached skill level 5 in Fighting
  4613 | D:6      | Reached skill level 6 in Polearms
  4613 | D:6      | Reached skill level 5 in Shields
  4995 | D:6      | Reached XP level 8. HP: 46/55 MP: 8/8
  5150 | D:6      | Found a staircase to the Ecumenical Temple.
  5170 | Temple   | Entered the Ecumenical Temple
  5427 | Temple   | Became a worshipper of Hepliaklqana the Forgotten
  5740 | D:6      | Reached skill level 7 in Polearms
  6101 | D:5      | Killed Ijyb
  6157 | D:5      | Killed Prince Ribbit
  6244 | D:5      | HP: 12/51 [something (5)]
  6559 | D:7      | Noticed a hippogriff
  6575 | D:7      | Killed a hippogriff
  6575 | D:7      | Reached skill level 6 in Fighting
  6575 | D:7      | Reached skill level 6 in Shields
  6640 | D:7      | Found a glowing golden altar of the Shining One.
  6662 | D:7      | Reached skill level 8 in Polearms
  6716 | D:7      | Reached * piety under Hepliaklqana
  6732 | D:7      | Reached XP level 9. HP: 43/55 MP: 9/9
  6920 | D:7      | Found a blossoming altar of Fedhas.
  6922 | D:7      | Found a deep blue altar of Sif Muna.
  7297 | D:7      | Noticed a hornet
  7420 | D:7      | Octopork: ??piercing
  7420 | D:7      | beem: vorpal[1/3]: A weapon brand which increases weapon
                  | damage by 16.7% on average.
  7420 | D:7      | Octopork: ??piercing[2
  7420 | D:7      | beem: vorpal[2/3]: Vorpal brands are: stabbing (daggers),
                  | slicing (swords, lajatangs, scythes), chopping (axes, other
                  | bladed polearms), crushing (quarterstaves, maces, flails),
                  | slashing (whips), piercing (spears, tridents, quick
                  | blades), velocity (missile launchers)
  7420 | D:7      | Octopork: ??piercing[3
  7420 | D:7      | beem: velocity[1/1]: see {vorpal} or {velocity_card}
  7635 | D:7      | Noticed Harold
  8238 | D:7      | Killed a hornet
  8500 | D:7      | Reached skill level 9 in Polearms
  8502 | D:7      | Reached skill level 4 in Dodging
  8872 | D:8      | Reached skill level 7 in Fighting
  8872 | D:8      | Reached skill level 7 in Shields
  9407 | D:8      | Reached XP level 10. HP: 43/63 MP: 10/10
  9753 | D:8      | Reached ** piety under Hepliaklqana
  9761 | D:8      | Remembered your ancestor Octorock as a hexer
 10051 | D:9      | Reached skill level 5 in Dodging
 10085 | D:8      | Reached skill level 10 in Polearms
 10289 | D:9      | Identified the +5 short sword of Neurosis {drain, rElec
                  | MR++} (You found it on level 5 of the Dungeon)
 10381 | D:9      | Found Bioxkas's Magic Scroll Shop.
 10508 | D:9      | Bought a scroll of identify for 26 gold pieces
 10508 | D:9      | Bought a scroll of identify for 26 gold pieces
 10508 | D:9      | Bought a scroll of fear for 45 gold pieces
 10508 | D:9      | Bought a scroll of teleportation for 39 gold pieces
 10511 | D:9      | Reached skill level 9 in Fighting
 10511 | D:9      | Reached skill level 4 in Short Blades
 10511 | D:9      | Reached skill level 7 in Dodging
 10511 | D:9      | Reached skill level 9 in Shields
 10511 | D:9      | Reached XP level 11. HP: 72/72 MP: 11/11
 10519 | D:9      | Found Manaqeurgh's Jewellery Shop.
 10682 | D:9      | Found a radiant altar of Vehumet.
 11319 | D:10     | Entered Level 10 of the Dungeon
 11332 | D:10     | Reached skill level 5 in Short Blades
 11522 | D:10     | Reached *** piety under Hepliaklqana
 11947 | D:10     | Noticed Josephine
 11966 | D:10     | Killed from afar by Josephine

Vault maps used:
D:1:      psy_arrival_terrarium, minivault_19
D:2:      first_ration, minmay_misc_feat_secret_circle,
          grunt_dithmenos_smoke_and_mirrors
D:3:      nemelex_diamond_rough_becter, uniq_sigmund
D:4:      gammafunk_ghost_split, nicolae_ru_awakened_eye
D:5:      serial_shops, nicolae_shop_trees, uniq_ijyb, uniq_prince_ribbit1
D:6:      minmay_temple_entry_mini_moons, hangedman_decor_points,
          chequers_serial_rivers_micro_a
D:7:      nicolae_overflow_hidden_temple, serial_gnoll_camp,
          gnoll_camp_mini_house, gnoll_camp_mini_hut, gnoll_camp_mini_hut,
          gnoll_camp_medium_02, gnoll_camp_huts_basic,
          gnoll_camp_mini_loothouse, uniq_harold
D:9:      vehumet_statue, serial_shops, shop, shop, the_bakery
D:10:     orc_0_dummy, kennysheep_generic_room_12, uniq_josephine
Temple:   dpeg_five_rooms_temple

Skill      XL: |  1  2  3  4  5  6  7  8  9 10 11 |
---------------+----------------------------------+-----
Polearms       | 3 4 5 6 8 9 10 | 10.3
Fighting       | 4 5 6 7 9 |  9.5
Shields        | 4 5 6 7 9 |  9.5
Dodging        | 4 7 |  7.7
Short Blades   | 4 5 |  5.0

Action                   |  1- 3 |  4- 6 |  7- 9 | 10-12 || total
-------------------------+-------+-------+-------+-------++-------
Melee: Trident           |    70 |    95 |   238 |       ||   403
       Constrict         |    16 |    19 |    46 |    24 ||   105
       Tentacles         |    15 |    11 |    58 |    36 ||   120
       Spear             |       |       |    64 |    74 ||   138
       Short sword       |       |       |       |    88 ||    88
 Fire: Hunting sling     |       |       |     6 |     2 ||     8
Throw: Throwing net      |       |       |     1 |       ||     1
Invok: Ancestor Identity |       |       |     1 |       ||     1
       Recall Ancestor   |       |       |     1 |     1 ||     2
       Ancestor Life: He |       |       |       |     1 ||     1
Evoke: Wand              |       |     1 |     5 |     3 ||     9
  Use: Scroll            |     1 |     2 |    12 |     7 ||    22
       Potion            |       |     4 |       |     2 ||     6
 Stab: Sleeping          |     4 |    12 |     5 |     6 ||    27
       Distracted        |       |     1 |     1 |     4 ||     6
       Held in net/web   |       |       |     1 |       ||     1
       Paralysed         |       |       |       |     5 ||     5
       Confused          |       |       |       |     1 ||     1
  Eat: Chunk             |     1 |     6 |    21 |     8 ||    36
       Ration            |       |     1 |     2 |       ||     3
Armor: Skin              |     2 |     2 |     4 |     2 ||    10
Dodge: Dodged            |    20 |    36 |    75 |    60 ||   191
Block: Shield            |    16 |    33 |   110 |    66 ||   225

Table legend:
 A = Non-vault XP
 B = Vault XP
 C = Vault XP percentage of total XP
 D = Non-vault monster count
 E = Vault monster count
 F = Vault count percentage of total count
                 A         B        C        D         E       F
            +---------+---------+-------+---------+---------+-------
      Total |    6649 |    2085 |  23.9 |     175 |      42 |  19.4
            +---------+---------+-------+---------+---------+-------
        D:1 |      19 |       0 |   0.0 |      11 |       0 |   0.0
        D:2 |      84 |       0 |   0.0 |      24 |       0 |   0.0
        D:3 |      25 |       0 |   0.0 |      15 |       0 |   0.0
        D:4 |     359 |       0 |   0.0 |      15 |       0 |   0.0
        D:5 |     435 |     306 |  41.3 |      15 |       2 |  11.8
        D:6 |     711 |      42 |   5.6 |      21 |       1 |   4.5
        D:7 |     814 |     901 |  52.5 |      11 |      35 |  76.1
        D:8 |    1926 |       0 |   0.0 |      22 |       0 |   0.0
        D:9 |    1269 |     196 |  13.4 |      23 |       1 |   4.2
       D:10 |    1007 |     640 |  38.9 |      18 |       3 |  14.3
            +---------+---------+-------+---------+---------+-------

Table legend:
 A = Turns spent in this place as a percentage of turns spent in the entire game.
 B = Non-inter-level travel turns spent in this place as a percentage of non-inter-level travel turns spent in the entire game.
 C = Inter-level travel turns spent in this place as a percentage of turns spent in this place.
 D = Turns resting spent in this place as a percentage of non-inter-level travel turns spent in this place.
 E = Turns spent auto-exploring this place as a percentage of non-inter-level travel turns spent in this place.
 F = Non-inter-level travel turns spent in this place divided by the number of levels of this place that you've seen.
                   A       B       C       D       E      F
               +-------+-------+-------+-------+-------+----------------------
         Total | 100.0 | 100.0 |   6.0 |  32.1 |  42.0 | 1023.1
       Dungeon |  97.4 |  98.0 |   5.4 |  32.8 |  40.8 | 1102.6
        Temple |   2.6 |   2.0 |  26.0 |   0.0 |  97.8 | 228.0
               +-------+-------+-------+-------+-------+----------------------

Table legend:
 A = Kills in this place as a percentage of kills in entire the game.
 B = Kills by you in this place as a percentage of kills by you in the entire game.
 C = Kills by friends in this place as a percentage of kills by friends in the entire game.
 D = Other kills in this place as a percentage of other kills in the entire game.
 E = Experience gained in this place as a percentage of experience gained in the entire game.
 F = Experience gained in this place divided by the number of levels of this place that you have seen.
                   A       B       C       D       E      F
               +-------+-------+-------+-------+-------+----------------------
         Total | 100.0 | 100.0 | 100.0 |   N/A | 100.0 | 794.0
       Dungeon | 100.0 | 100.0 | 100.0 |   N/A | 100.0 | 873.4
               +-------+-------+-------+-------+-------+----------------------
